TOP OF THE 1ST |
Kane County Cougars batting - Pitching for South Bend Cubs : LHP Jerry Tyson
|
Pitching: LHP Jerry Tyson
|
|
Batting: RHB Francisco Gutierrez
|
0-0: Ball 1-0: Ball 2-0: SINGLE (Groundball, 34D, EV 105.0 MPH)
|
Batting: RHB D.J. Cooke
|
0-0: Ball 1-0: Called Strike 1-1: SINGLE (Groundball, 4M, EV 105.6 MPH) (infield hit) Francisco Gutierrez to second
|
Batting: LHB J.P. Olson
|
0-0: Foul Ball, location: 2F 0-1: Swinging Strike 0-2: Ball 1-2: Ball 2-2: Ball 3-2: Foul Ball, location: 2F 3-2: Foul Ball, location: 2F 3-2: Strikes out looking
|
Batting: RHB Chad Mendoza
|
0-0: Ball 1-0: Swinging Strike 1-1: Foul Ball, location: 2F 1-2: Ball 2-2: Foul Ball, location: 2F 2-2: Fielders Choice at 2nd, 6-4 (Groundball, 6, EV 103.1 MPH) Francisco Gutierrez to third
|
Batting: RHB Dustin Legault
|
0-0: Called Strike 0-1: Ground out U3 (Groundball, 34, EV 106.9 MPH)
|
Top of the 1st over - 0 runs, 2 hits, 0 errors, 2 left on base; Kane County 0 - South Bend 0 |
BOTTOM OF THE 1ST |
South Bend Cubs batting - Pitching for Kane County Cougars : RHP Jai-guo Xia
|
Pitching: RHP Jai-guo Xia
|
|
Batting: RHB Andy Huntley
|
0-0: Called Strike 0-1: Swinging Strike 0-2: Strikes out swinging
|
Batting: RHB Taylor Garofalo
|
0-0: Called Strike 0-1: Ball 1-1: Ball 2-1: Foul Ball, location: 2F 2-2: Strikes out swinging
|
Pitching: LHP Shelby Rich
|
|
Batting: LHB Kwang-chih Men
|
0-0: Ball 1-0: Swinging Strike 1-1: Ball 2-1: Foul Ball, location: 2F 2-2: Strikes out swinging
|
Bottom of the 1st over - 0 runs, 0 hits, 0 errors, 0 left on base; Kane County 0 - South Bend 0 |
TOP OF THE 2ND |
Kane County Cougars batting - Pitching for South Bend Cubs : LHP Jerry Tyson
|
Batting: RHB Ernesto Zamora
|
0-0: Ball 1-0: Fly out, F7 (Flyball, 78D, EV 88.1 MPH)
|
Batting: RHB Gary Hills
|
0-0: Foul Ball, location: 2F 0-1: Ball 1-1: Ball 2-1: Foul Ball, location: 2F 2-2: Fly out, F7 (Flyball, 7S, EV 81.9 MPH)
|
Batting: LHB Enrique Ponce
|
0-0: Ground out 4-3 (Groundball, 4S, EV 82.5 MPH)
|
Top of the 2nd over - 0 runs, 0 hits, 0 errors, 0 left on base; Kane County 0 - South Bend 0 |
BOTTOM OF THE 2ND |
South Bend Cubs batting - Pitching for Kane County Cougars : LHP Shelby Rich
|
Batting: RHB Roy Battist
|
0-0: Called Strike 0-1: Foul Ball, location: 2F 0-2: Ball 1-2: Ball 2-2: Foul Ball, location: 2F 2-2: Foul Ball, location: 2F 2-2: Foul Ball, location: 2F 2-2: Ball 3-2: Strikes out swinging
|
Batting: RHB Han-seung Hah
|
0-0: Called Strike 0-1: Ball 1-1: Ball 2-1: Ball 3-1: Ground out 6-3 (Groundball, 6, EV 90.6 MPH)
|
Batting: RHB Denis Rachin
|
0-0: Foul Ball, location: 2F 0-1: Ground out 5-3 (Groundball, 56D, EV 86.9 MPH)
|
Bottom of the 2nd over - 0 runs, 0 hits, 0 errors, 0 left on base; Kane County 0 - South Bend 0 |
TOP OF THE 3RD |
Kane County Cougars batting - Pitching for South Bend Cubs : LHP Jerry Tyson
|
Batting: LHB Jeff Trapp
|
0-0: Foul Ball, location: 2F 0-1: Ball 1-1: Ground out U3 (Groundball, 3L, EV 81.9 MPH)
|
Batting: RHB Francisco Gutierrez
|
0-0: Ball 1-0: Ball 2-0: Ground out 5-3 (Groundball, 56, EV 85.0 MPH)
|
Batting: RHB D.J. Cooke
|
0-0: Called Strike 0-1: Ball 1-1: Called Strike 1-2: Foul Ball, location: 2F 1-2: Hit by Pitch
|
Batting: LHB J.P. Olson
|
0-0: Ball 1-0: Ground out 4-3 (Groundball, 4, EV 103.1 MPH)
|
Top of the 3rd over - 0 runs, 0 hits, 0 errors, 1 left on base; Kane County 0 - South Bend 0 |
BOTTOM OF THE 3RD |
South Bend Cubs batting - Pitching for Kane County Cougars : LHP Shelby Rich
|
Batting: LHB Adam Conover
|
0-0: Foul Ball, location: 2F 0-1: Ball 1-1: Ground out 4-3 (Groundball, 4S, EV 82.5 MPH)
|
Batting: RHB Juan Bonilla
|
0-0: SINGLE (Line Drive, 89S, EV 107.5 MPH)
|
Batting: RHB Hugo Torrez
|
0-0: Ball 1-0: Fly out, F7 (Flyball, 7, EV 89.4 MPH)
|
Batting: RHB Andy Huntley
|
0-0: Called Strike 0-1: Ground out 6-3 (Groundball, 6S, EV 78.1 MPH)
|
Bottom of the 3rd over - 0 runs, 1 hit, 0 errors, 1 left on base; Kane County 0 - South Bend 0 |
TOP OF THE 4TH |
Kane County Cougars batting - Pitching for South Bend Cubs : LHP Jerry Tyson
|
Batting: RHB Chad Mendoza
|
0-0: Foul Ball, location: 2F 0-1: Ball 1-1: Foul Ball, location: 2F 1-2: Ball 2-2: Strikes out swinging
|
Batting: RHB Dustin Legault
|
0-0: Swinging Strike 0-1: Ball 1-1: Ball 2-1: Fly out, F9 (Flyball, 9D, EV 83.1 MPH)
|
Batting: RHB Ernesto Zamora
|
0-0: Ball 1-0: Ball 2-0: Called Strike 2-1: Ball 3-1: Swinging Strike 3-2: Foul Ball, location: 2F 3-2: Foul Ball, location: 2F 3-2: Strikes out swinging
|
Top of the 4th over - 0 runs, 0 hits, 0 errors, 0 left on base; Kane County 0 - South Bend 0 |
BOTTOM OF THE 4TH |
South Bend Cubs batting - Pitching for Kane County Cougars : LHP Shelby Rich
|
Batting: RHB Taylor Garofalo
|
0-0: Ball 1-0: Ball 2-0: DOUBLE (Groundball, 3L, EV 98.8 MPH)
|
Batting: LHB Kwang-chih Men
|
0-0: Ball 1-0: Ball 2-0: Foul Ball, location: 2F 2-1: Ball 3-1: SINGLE (Line Drive, 8RS, EV 85.0 MPH) Taylor Garofalo to third
|
Batting: RHB Roy Battist
|
0-0: Swinging Strike 0-1: Ball 1-1: Swinging Strike Passed Ball! Taylor Garofalo scores Kwang-chih Men to second 1-2: Ball 2-2: Ground out 4-3 (Groundball, 4M, EV 104.4 MPH) Kwang-chih Men to third
|
Batting: RHB Han-seung Hah
|
0-0: Ball 1-0: Ground out 6-3 (Groundball, 6MS, EV 85.6 MPH) Kwang-chih Men scores
|
Batting: RHB Denis Rachin
|
0-0: Ball 1-0: Called Strike 1-1: Ball 2-1: Ball 3-1: Ground out 6-3 (Groundball, 6, EV 85.0 MPH)
|
Bottom of the 4th over - 2 runs, 2 hits, 0 errors, 0 left on base; Kane County 0 - South Bend 2 |
TOP OF THE 5TH |
Kane County Cougars batting - Pitching for South Bend Cubs : LHP Jerry Tyson
|
Batting: RHB Gary Hills
|
0-0: Ball 1-0: Swinging Strike 1-1: Foul Ball, location: 2F 1-2: Strikes out swinging
|
Batting: LHB Enrique Ponce
|
0-0: Called Strike 0-1: Fly out, F6 (Popup, 6S, EV 75.6 MPH)
|
Batting: LHB Jeff Trapp
|
0-0: Ball 1-0: SINGLE (Line Drive, 78S, EV 95.0 MPH)
|
Batting: RHB Francisco Gutierrez
|
0-0: Ball 1-0: SINGLE (Groundball, 4MD, EV 97.5 MPH) Jeff Trapp to second
|
Batting: RHB D.J. Cooke
|
0-0: Swinging Strike 0-1: Ball 1-1: Foul Ball, location: 2F 1-2: Strikes out swinging
|
Top of the 5th over - 0 runs, 2 hits, 0 errors, 2 left on base; Kane County 0 - South Bend 2 |
BOTTOM OF THE 5TH |
South Bend Cubs batting - Pitching for Kane County Cougars : LHP Shelby Rich
|
Batting: LHB Adam Conover
|
0-0: Ground out U3 (Groundball, 34S, EV 68.8 MPH)
|
Batting: RHB Juan Bonilla
|
0-0: Called Strike 0-1: Called Strike 0-2: Ground out 5-3 (Groundball, 5, EV 86.9 MPH)
|
Batting: RHB Hugo Torrez
|
0-0: Swinging Strike 0-1: Ball 1-1: Ball 2-1: Swinging Strike 2-2: Foul Ball, location: 2F 2-2: Ball 3-2: Base on Balls
|
Pitching: RHP Alan Muth
|
|
Batting: RHB Andy Huntley
|
0-0: Called Strike Hugo Torrez steals 2nd base 0-1: Ball 1-1: Ball 2-1: Swinging Strike 2-2: Strikes out swinging
|
Bottom of the 5th over - 0 runs, 0 hits, 0 errors, 1 left on base; Kane County 0 - South Bend 2 |
TOP OF THE 6TH |
Kane County Cougars batting - Pitching for South Bend Cubs : LHP Jerry Tyson
|
Pitching: LHP Tom Mooney
|
|
Batting: LHB J.P. Olson
|
0-0: Ball 1-0: Foul Ball, location: 2F 1-1: Ball 2-1: Fly out, F7 (Flyball, 7S, EV 93.1 MPH)
|
Batting: RHB Chad Mendoza
|
0-0: Ground out 5-3 (Groundball, 56S, EV 73.8 MPH)
|
Batting: RHB Dustin Legault
|
0-0: TRIPLE (Flyball, 8RXD, EV 100.0 MPH)
|
Batting: RHB Ernesto Zamora
|
0-0: Foul Ball, location: 2F 0-1: Ground out 4-3 (Groundball, 4, EV 100.6 MPH)
|
Top of the 6th over - 0 runs, 1 hit, 0 errors, 1 left on base; Kane County 0 - South Bend 2 |
BOTTOM OF THE 6TH |
South Bend Cubs batting - Pitching for Kane County Cougars : RHP Alan Muth
|
Batting: RHB Taylor Garofalo
|
0-0: Ball 1-0: Ground out 3-1 (Groundball, 34, EV 80.6 MPH)
|
Batting: LHB Kwang-chih Men
|
0-0: Ball 1-0: Fly out, F8 (Line Drive, 78M, EV 93.8 MPH)
|
Batting: RHB Roy Battist
|
0-0: Swinging Strike 0-1: Ball 1-1: SINGLE (Line Drive, 89S, EV 100.0 MPH)
|
Batting: RHB Han-seung Hah
|
0-0: Ball 1-0: Called Strike 1-1: Ball 2-1: Called Strike 2-2: SINGLE (Line Drive, 6MD, EV 98.8 MPH) Roy Battist to second Runner from 2nd tries for 3rd, OUT after rundown.
|
Bottom of the 6th over - 0 runs, 2 hits, 0 errors, 1 left on base; Kane County 0 - South Bend 2 |
TOP OF THE 7TH |
Kane County Cougars batting - Pitching for South Bend Cubs : LHP Tom Mooney
|
Now at 1B: Kwang-chih Men
|
|
Now at 2B: Ryan Bush
|
|
Batting: RHB Gary Hills
|
0-0: Ball 1-0: Fly out, F8 (Flyball, 89XD, EV 89.4 MPH)
|
Batting: LHB Enrique Ponce
|
0-0: Ball 1-0: Ball 2-0: Swinging Strike 2-1: Foul Ball, location: 2F 2-2: Foul Ball, location: 2F 2-2: Ball 3-2: Foul Ball, location: 2F 3-2: Strikes out swinging
|
Batting: LHB Jeff Trapp
|
0-0: Called Strike 0-1: Ball 1-1: DOUBLE (Groundball, 3L, EV 101.2 MPH)
|
Batting: RHB Francisco Gutierrez
|
0-0: Called Strike 0-1: Foul Ball, location: 2F 0-2: Ball 1-2: Fly out, F7 (Line Drive, 7D, EV 87.5 MPH)
|
Top of the 7th over - 0 runs, 1 hit, 0 errors, 1 left on base; Kane County 0 - South Bend 2 |
BOTTOM OF THE 7TH |
South Bend Cubs batting - Pitching for Kane County Cougars : RHP Alan Muth
|
Pitching: RHP John Petersen
|
|
Batting: RHB Denis Rachin
|
0-0: Called Strike 0-1: Foul Ball, location: 2F 0-2: Foul Ball, location: 2F 0-2: Strikes out swinging
|
Batting: LHB Adam Conover
|
0-0: Ball 1-0: Called Strike 1-1: Called Strike 1-2: Strikes out swinging
|
Batting: RHB Ryan Bush
|
0-0: Ground out 4-3 (Groundball, 4, EV 81.2 MPH)
|
Bottom of the 7th over - 0 runs, 0 hits, 0 errors, 0 left on base; Kane County 0 - South Bend 2 |
TOP OF THE 8TH |
Kane County Cougars batting - Pitching for South Bend Cubs : LHP Tom Mooney
|
Pitching: RHP Eric Allen
|
|
Batting: RHB D.J. Cooke
|
0-0: Ball 1-0: Ball 2-0: Ball 3-0: Base on Balls
|
Batting: LHB J.P. Olson
|
0-0: Called Strike 0-1: 2-RUN HOME RUN (Flyball, 78XD, EV 100.0 MPH), Distance : 406 ft
|
Batting: RHB Chad Mendoza
|
0-0: Foul Ball, location: 2F 0-1: Swinging Strike 0-2: Foul Ball, location: 2F 0-2: Ball 1-2: Strikes out looking
|
Batting: RHB Dustin Legault
|
0-0: Called Strike 0-1: SINGLE (Groundball, 34D, EV 109.4 MPH)
|
Pinch Hitting: SHB Blaine Peters
|
0-0: Ball 1-0: Bunted foul 1-1: Bunt missed! 1-2: Ball 2-2: Foul Ball, location: 2F 2-2: Ball 3-2: Base on Balls Dustin Legault to second
|
Batting: RHB Gary Hills
|
0-0: Foul Ball, location: 2F 0-1: SINGLE (Groundball, 56D, EV 108.8 MPH) Dustin Legault to third Blaine Peters to second Runner from 3rd tries for Home, throw by LF and OUT! 7-2 Blaine Peters to third Gary Hills to second
|
Pitching: LHP Eddie Panagos
|
|
Batting: LHB Enrique Ponce
|
0-0: Ball 1-0: Ball 2-0: Called Strike 2-1: Ground out 4-3 (Groundball, 4, EV 101.2 MPH)
|
Top of the 8th over - 2 runs, 3 hits, 0 errors, 2 left on base; Kane County 2 - South Bend 2 |
BOTTOM OF THE 8TH |
South Bend Cubs batting - Pitching for Kane County Cougars : RHP John Petersen
|
Pitching: RHP Sam Lewis
|
|
Now at 2B: Francisco Gutierrez
|
|
Now in LF: Blaine Peters
|
|
Batting: RHB Hugo Torrez
|
0-0: Called Strike 0-1: Swinging Strike 0-2: Ground out 6-3 (Groundball, 56, EV 86.9 MPH)
|
Batting: RHB Andy Huntley
|
0-0: Foul Ball, location: 2F 0-1: Ball 1-1: Swinging Strike 1-2: Ball 2-2: Strikes out swinging
|
Batting: RHB Taylor Garofalo
|
0-0: Reached on error, E7 (Flyball, 7D, EV 110.6 MPH)
|
Batting: LHB Kwang-chih Men
|
0-0: Called Strike 0-1: Ball 1-1: Ball 2-1: Ball 3-1: Foul Ball, location: 2F 3-2: Foul Ball, location: 2F 3-2: Foul Ball, location: 2F 3-2: Base on Balls
|
Batting: RHB Roy Battist
|
0-0: Ball 1-0: Fly out, F9 (Flyball, 9D, EV 96.2 MPH)
|
Bottom of the 8th over - 0 runs, 0 hits, 1 error, 2 left on base; Kane County 2 - South Bend 2 |
TOP OF THE 9TH |
Kane County Cougars batting - Pitching for South Bend Cubs : LHP Eddie Panagos
|
Pitching: RHP Jose Mata
|
|
Batting: LHB Jeff Trapp
|
0-0: Ball 1-0: Ball 2-0: Ball 3-0: Base on Balls
|
Batting: RHB Francisco Gutierrez
|
0-0: Called Strike Jeff Trapp steals 2nd base 0-1: Called Strike 0-2: Ground out U3 (Groundball, 3S, EV 65.6 MPH) Jeff Trapp to third
|
Batting: RHB D.J. Cooke
|
0-0: Ball 1-0: Called Strike 1-1: Ground out 4-3 (Groundball, 34, EV 86.9 MPH)
|
Batting: LHB J.P. Olson
|
0-0: Intentional Walk
|
Batting: RHB Chad Mendoza
|
0-0: Called Strike J.P. Olson steals 2nd base (no throw) 0-1: SINGLE (Groundball, 34D, EV 103.1 MPH) Jeff Trapp scores J.P. Olson to third Runner from 3rd tries for Home, SAFE, throw by RF to home Chad Mendoza to second
|
Batting: RHB Dustin Legault
|
0-0: Foul Ball, location: 2F 0-1: Ball 1-1: Called Strike 1-2: SINGLE (Line Drive, 34D, EV 108.1 MPH) Chad Mendoza to third
|
Batting: SHB Blaine Peters
|
0-0: SINGLE (Groundball, 34D, EV 100.0 MPH) Chad Mendoza scores Dustin Legault to second Runner from 2nd tries for 3rd, SAFE, throw by RF made to third
|
Batting: RHB Gary Hills
|
0-0: Called Strike 0-1: Called Strike 0-2: Foul Ball, location: 2F 0-2: Ball 1-2: Ground out 5-3 (Groundball, 56S, EV 81.2 MPH)
|
Top of the 9th over - 3 runs, 3 hits, 0 errors, 2 left on base; Kane County 5 - South Bend 2 |
BOTTOM OF THE 9TH |
South Bend Cubs batting - Pitching for Kane County Cougars : RHP Sam Lewis
|
Pitching: LHP Josh Hubbard
|
|
Batting: RHB Han-seung Hah
|
0-0: Foul Ball, location: 2F 0-1: DOUBLE (Flyball, 78D, EV 98.8 MPH)
|
Batting: RHB Denis Rachin
|
0-0: Ball 1-0: Ball 2-0: Ball 3-0: SINGLE (Line Drive, 8LS, EV 102.5 MPH) Han-seung Hah to third
|
Pinch Hitting: RHB Josh Asch
|
0-0: Ball 1-0: Ball 2-0: Ball 3-0: Foul Ball, location: 2F 3-1: Foul Ball, location: 2F 3-2: Fly out, F9 (Line Drive, 9LM, EV 92.5 MPH)
|
Batting: RHB Ryan Bush
|
0-0: Ball 1-0: Called Strike 1-1: Swinging Strike 1-2: SINGLE (Flyball, 3D, EV 93.1 MPH) Han-seung Hah scores Denis Rachin to second
|
Batting: RHB Hugo Torrez
|
0-0: Fly out, F6 (Popup, 6M, EV 61.9 MPH)
|
Batting: RHB Andy Huntley
|
0-0: Called Strike 0-1: Ball 1-1: Foul Ball, location: 2F 1-2: Ball 2-2: Foul Ball, location: 2F 2-2: Strikes out swinging
|
Bottom of the 9th over - 1 run, 3 hits, 0 errors, 2 left on base; Kane County 5 - South Bend 3 |
|